 Dungeon Crawl Stone Soup version 0.31-a0-214-gb37851dbb3 (webtiles) character file.

Game seed: 1563321977619853863

36 qw the Shooter (level 3, -1/21 HPs)
             Began as a Gargoyle Hexslinger on July 1, 2023.
             Slain by a gnoll
             ... wielding a +0 spear
              (6 damage)
             ... on level 2 of the Dungeon.
             The game lasted 00:00:15 (643 turns).

qw the Shooter (Gargoyle Hexslinger)                 Turns: 643, Time: 00:00:15

Health: -1/21      AC:  5    Str: 11    XL:     3   Next: 37%
Magic:  4/4        EV: 12    Int: 13    God:
Gold:   60         SH:  0    Dex: 14    Spells: 3/4 levels left

rFire   . . .        Y - +1 sling
rCold   . . .        (no shield)
rNeg    + . .        c - +0 robe
rPois   inf          (no helmet)
rElec   +            (no cloak)
rCorr   .            (no gloves)
SInv    .            (no boots)
Will    .....        (no amulet)
Stlth   +            (no ring)
HPRegen 0.23/turn    (no ring)
MPRegen 0.09/turn

%: no passive effects
@: no status effects
A: sickness immunity, AC +3, negative energy resistance 1, electricity
resistance, torment resistance 1, petrification resistance
a: no special abilities


You were on level 2 of the Dungeon.
You visited 1 branch of the dungeon, and saw 2 of its levels.

You collected 60 gold pieces.


Innate Abilities, Weirdness & Mutations

You are immune to sickness and miasma.
Your stone body is resilient. (AC +3)
You are immune to poison.
You resist negative energy. (rN+)
You are resistant to electric shocks. (rElec)
You are resistant to unholy torment.
You are immune to petrification.


   Skills:
 - Level 2.1 Fighting
 + Level 3.2 Ranged Weapons
 - Level 1.5 Dodging
 - Level 1.0 Spellcasting
 - Level 2.6 Hexes


You had 3 spell levels left.
You knew the following spells:

 Your Spells              Type           Power      Damage    Failure   Level
a - Slow                  Hex            28%        N/A       10%         1

Your spell library contained the following spells:

 Spells                   Type           Power      Damage    Failure   Level
 Inner Flame              Hex/Fire       4%         N/A       43%         3
 Portal Projectile        Hex/Tloc       8%         N/A       43%         3
 Cause Fear               Hex            3%         N/A       67%         4

Inventory:

Hand Weapons
 Y - a +1 sling (weapon)
Armour
 c - a +0 robe (worn)
Potions
 d - a potion of brilliance {unknown}
 e - a potion of haste {unknown}

Dungeon Overview and Level Annotations

Branches:
Dungeon (2/15)

Altars:


Message History

A gnoll comes into view. It is wielding a +0 spear.
You shoot a sling bullet. The gnoll shouts!
The sling bullet hits the gnoll!
The gnoll is almost dead.
You shoot a sling bullet.
The sling bullet closely misses the gnoll.
You shoot a sling bullet. The sling bullet hits the gnoll.
You kill the gnoll!
Your Fighting skill increases to level 2!
You have reached level 3!
Your experience leads to an increase in your attributes!
Increase (S)trength, (I)ntelligence, or (D)exterity?
You feel agile. x2
You shoot a sling bullet. The sling bullet hits the gnoll.
The gnoll is heavily wounded.
You shoot a sling bullet. The sling bullet hits the gnoll.
The gnoll is heavily wounded.
The gnoll barely misses you.
You shoot a sling bullet. The sling bullet hits the gnoll.
The gnoll is severely wounded.
The gnoll hits you from afar with a +0 spear.
You shoot a sling bullet.
The sling bullet closely misses the gnoll.
The gnoll hits you from afar with a +0 spear!
You shoot a sling bullet.
The sling bullet barely misses the gnoll.
The gnoll hits you from afar with a +0 spear. x2
A gnoll comes into view. It is wielding a +0 spear.
You shoot a sling bullet. The sling bullet hits the gnoll.
The gnoll is almost dead.
The gnoll hits you from afar with a +0 spear.
You shoot a sling bullet. The sling bullet hits the gnoll.
You kill the gnoll!
You shoot a sling bullet. The sling bullet hits the gnoll.
The gnoll is heavily wounded.
You shoot a sling bullet. The sling bullet hits the gnoll.
The gnoll is almost dead.
The gnoll hits you from afar with a +0 spear.
You die...

#.####..#
#.......#
#......<#
#.###...########
................
####............
#.#..########
#....# #@##<#
#.##.# g.....
.####.## .) ..#
#. ## #. .


You could see a gnoll.

Vanquished Creatures
  2 gnolls (D:2)
  3 bats (D:1)
  3 hobgoblins (D:1)
  A kobold (D:1)
  A quokka (D:1)
  A ball python (D:1)
  A frilled lizard (D:1)
  A goblin (D:1)
  5 rats (D:1)
18 creatures vanquished.

Notes
Turn   | Place    | Note
-------+----------+-------------------------------------------
     0 | D:1      | qw the Gargoyle Hexslinger began the quest for the Orb.
     0 | D:1      | Reached XP level 1. HP: 12/12 MP: 2/2
     0 | D:1      | 0 ||| qw: Version: 0.3-a-32-g5962c71
     0 | D:1      | 0 ||| qw: Game counter: 7608
     0 | D:1      | 0 ||| qw: Melee chars always use a shield: true
     0 | D:1      | 0 ||| qw: God list: Okawaru
     0 | D:1      | 0 ||| qw: Allow faded altars: false
     0 | D:1      | 0 ||| qw: Do Orc after clearing Dungeon:15 true
     0 | D:1      | 0 ||| qw: Do second Lair branch before Depths: true
     0 | D:1      | 0 ||| qw: Lair rune preference: random
     0 | D:1      | 0 ||| qw: Goals: Normal
     0 | D:1      | 0 ||| PLANNING D:1-11
   143 | D:1      | Reached XP level 2. HP: 16/16 MP: 3/3
   430 | D:1      | Reached skill level 3 in Ranged Weapons
   595 | D:1      | 595 ||| READING scroll labelled RINNEH YKOETI.
   596 | D:1      | 596 ||| READING scroll labelled ITIXIW ZOETS.
   597 | D:1      | 597 ||| READING scroll labelled SECEMU LAJIES.
   598 | D:1      | 598 ||| READING scroll labelled ONLUNG BADDISM.
   602 | D:1      | 602 ||| READING scroll labelled SOURID ONYESU.
   603 | D:1      | 603 ||| DROPPING scroll of poison.
   635 | D:2      | Reached XP level 3. HP: 21/21 MP: 4/4
   640 | D:2      | HP: 4/21 [gnoll/+0 spear (5)]
   643 | D:2      | Slain by a gnoll

Levels and vault maps discovered:
D:1:      ncdulo_watergridlock, layout_basic
D:2:      layout_loops_ring, basic_altar, minivault_27,
          minmay_fractal_squares_gapless_5

Skill      XL: |  1  2 |
---------------+-------+-----
Ranged Weapons | 3 |  3.2
Fighting       | 2 |  2.1
Dodging        | |  1.5
Spellcasting   | |  1.0
Hexes          | |  2.6

Action                     || total
---------------------------++-------
   Fire: Sling             ||    55
    Use: Scroll            ||     5
 Armour: Robe              ||    10
  Dodge: Dodged            ||    11

Table legend:
 A = Non-vault XP
 B = Vault XP
 C = Vault XP percentage of total XP
 D = Non-vault monster count
 E = Vault monster count
 F = Vault count percentage of total count
                 A         B        C        D         E       F
            +---------+---------+-------+---------+---------+-------
      Total |      52 |       0 |   0.0 |      18 |       0 |   0.0
            +---------+---------+-------+---------+---------+-------
        D:1 |      24 |       0 |   0.0 |      16 |       0 |   0.0
        D:2 |      28 |       0 |   0.0 |       2 |       0 |   0.0
            +---------+---------+-------+---------+---------+-------
